 Dungeon Crawl Stone Soup version 0.32-a0-576-g706899e69d (webtiles) character file.

Game seed: 617336926038641934

333 DrKenneth the Shield-Bearer (level 6, -1/56 HPs)
             Began as a Minotaur Fighter on Mar 2, 2024.
             Was a Follower of Qazlal.
             Slain by an orc priest
             ... wielding a +0 falchion
              (4 damage)
             ... on level 7 of the Dungeon.
             The game lasted 00:08:58 (2230 turns).

DrKenneth the Shield-Bearer (Minotaur Fighter)      Turns: 2230, Time: 00:08:59

Health: -1/56      AC:  7    Str: 22    XL:     6   Next: 27%
Magic:  5/5        EV:  9    Int:  5    God:    Qazlal [*.....]
Gold:   140        SH:  0    Dex: 10    Spells: 5/5 levels left

rFire   . . .        a - +0 war axe
rCold   . . .        c - +0 buckler
rNeg    . . .        b - +0 scale mail
rPois   .            (helmet restricted)
rElec   .            (no cloak)
rCorr   .            (no gloves)
SInv    .            (no boots)
Will    .....        (no amulet) Stlth
                     (no ring)
HPRegen 0.29/turn    (no ring)
MPRegen 0.09/turn

%: no passive effects
@: confused
A: horns 2, retaliatory headbutt
a: Renounce Religion


You were on level 7 of the Dungeon.
You worshipped Qazlal.
Qazlal was aware of your devotion.
You visited 1 branch of the dungeon, and saw 7 of its levels.

You collected 140 gold pieces.

Inventory:

Hand Weapons
 a - a +0 war axe (weapon)
Armour
 b - a +0 scale mail (worn)
 c - a +0 buckler (worn)
Scrolls
 e - 2 scrolls of vulnerability {unknown}
 g - a scroll of fear {unknown}
 h - a scroll of brand weapon {unknown}
 i - a scroll of teleportation {unknown}
 j - a scroll of fog {unknown}
Potions
 d - a potion of might
 f - 2 potions of cancellation {unknown}
 k - a potion of attraction {unknown}
 l - a potion of curing {unknown}
 m - a potion of berserk rage {unknown}


   Skills:
 + Level 5.2 Fighting
 + Level 4.5 Axes
 + Level 5.2 Armour
 + Level 5.3 Shields


You had 5 spell levels left.
You didn't know any spells.
Your spell library was empty.

Dungeon Overview and Level Annotations

Branches:
Dungeon (7/15)
 Temple: D:4-7

Altars:
Ashenzari
Okawaru
Qazlal

Annotations:
D:7 1 runed translucent door, Crazy Yiuf


Innate Abilities, Weirdness & Mutations

You have a pair of horns on your head.
You reflexively headbutt those who attack you in melee.


Message History

The orc priest hits you with a +0 falchion.
The orc wizard points at you and mumbles some strange words.
You are confused.
The orc priest barely misses you. The orc wizard completely misses you.
The orc priest hits you but does no damage.
The orc priest closely misses you. The orc hits you with a +0 short sword.
The orc wizard hits you but does no damage.
The orc wizard barely misses you.
The orc priest hits you but does no damage.
The orc barely misses you.
The orc wizard hits you but does no damage. x2
The orc priest barely misses you. The orc hits you with a +0 short sword.
The orc wizard hits you but does no damage.
The orc wizard gestures at you while chanting.
The magic dart hits you!
You feel less confused.
The orc priest hits you with a +0 falchion.
The orc hits you but does no damage.
The orc wizard hits you with a +0 dagger. x2
The orc priest hits you but does no damage.
The orc barely misses you.
The orc wizard hits you but does no damage.
The orc wizard gestures at you while chanting.
You are confused.
The orc priest hits you with a +0 falchion.
The orc hits you but does no damage. The orc wizard barely misses you. x2
The orc priest hits you with a +0 falchion!
* * * LOW HITPOINT WARNING * * *
The orc hits you but does no damage. The orc wizard barely misses you.
The orc wizard closely misses you.
The orc priest calls down the wrath of Beogh upon you.
Pain shoots through your body!
* * * LOW HITPOINT WARNING * * *
The orc hits you with a +0 short sword.
* * * LOW HITPOINT WARNING * * *
The orc wizard hits you with a +0 dagger.
* * * LOW HITPOINT WARNING * * *
The orc wizard hits you but does no damage.
The orc priest hits you with a +0 falchion.
You die...

#...........)#))##))*#
##..........####)+g).#
##.....+..## ###)))#
##...##### ### ##'##
#.# #.# ##.## #o@o#
#.oo..# ##...## .....
..#.### ####.# #.# #.#


You could see an orc priest, 2 orc wizards and an orc.

Vanquished Creatures
  A wyvern (D:4)
  A black bear (D:7)
  Terence (D:2)
  3 dart slugs
  6 orcs
  3 endoplasms
  5 giant cockroaches
  3 hobgoblins
  4 jackals (D:1)
  A quokka (D:1)
  7 ball pythons
  2 bats (D:1)
  6 frilled lizards (D:1)
  5 goblins
  6 kobolds
  7 rats
61 creatures vanquished.

Notes
Turn   | Place    | Note
-------+----------+-------------------------------------------
     0 | D:1      | DrKenneth the Minotaur Fighter began the quest for the Orb.
     0 | D:1      | Reached XP level 1. HP: 19/19 MP: 0/0
   108 | D:1      | Reached XP level 2. HP: 15/27 MP: 1/1
   394 | D:1      | Reached XP level 3. HP: 18/33 MP: 2/2
   981 | D:2      | Noticed Terence
   998 | D:2      | Killed Terence
   999 | D:2      | Reached XP level 4. HP: 28/41 MP: 3/3
  1079 | D:2      | Found an iron altar of Okawaru.
  1778 | D:3      | Found a broken altar of Ashenzari.
  1869 | D:3      | Found a faded altar of an unknown god.
  1914 | D:3      | Prayed at the altar of an unknown god.
  1914 | D:3      | Became a worshipper of Qazlal Stormbringer
  1914 | D:3      | Reached * piety under Qazlal
  1970 | D:4      | Noticed a wyvern
  1986 | D:4      | Killed a wyvern
  1987 | D:4      | Reached skill level 5 in Fighting
  1987 | D:4      | Reached skill level 5 in Armour
  1987 | D:4      | Reached skill level 5 in Shields
  1987 | D:4      | Reached XP level 5. HP: 7/48 MP: 4/4
  2005 | D:5      | Entered Level 5 of the Dungeon
  2056 | D:7      | Noticed a black bear
  2069 | D:7      | Killed a black bear
  2070 | D:7      | Reached XP level 6. HP: 20/56 MP: 5/5
  2197 | D:7      | Found a runed translucent door.
  2198 | D:7      | Noticed Crazy Yiuf
  2230 | D:7      | Slain by an orc priest

Illustrated notes

Levels and vault maps discovered:
D:1:      psy_arrival_radial02, layout_loops_ring, minmay_misc_feat_enclosed,
          minmay_small_reverse_x
D:2:      layout_basic, basic_altar, minmay_pentomino_w2, uniq_terence
D:3:      cheibrodos_fertilizer, layout_basic, cheibrodos_ashenzari_chains,
          shapermc_ecumenical_altar_pompeii
D:4:      layout_loops_ring, minmay_temple_entry_trees,
          kennysheep_generic_room_2
D:5:      cheibrodos_helix_gallery, layout_loops_ring,
          nemelex_diamond_rough_becter
D:6:      layout_loops_ring, trog_wizard, mainiacjoe_overflow_chevrons,
          chequers_ossuary_entry_cave
D:7:      layout_loops_corners, uniq_duvessa, uniq_crazy_yiuf_cottage,
          uniq_prince_ribbit1

Skill      XL: |  1  2  3  4 |
---------------+-------------+-----
Fighting       | 4 5 |  5.2
Armour         | 4 5 |  5.2
Shields        | 4 5 |  5.3
Axes           | 3 4 |  4.5

Action                     |  1- 3 |  4- 6 || total
---------------------------+-------+-------++-------
  Melee: War axe           |    76 |    39 ||   115
         Headbutt          |     8 |     5 ||    13
 Armour: Scale mail        |    51 |    85 ||   136
  Dodge: Dodged            |    40 |    50 ||    90
  Block: Buckler           |    12 |    21 ||    33

Table legend: (Time is in decaauts)
 A = Elapsed time spent in this place.
 B = Non-inter-level travel time spent in this place.
 C = Inter-level travel time spent in this place.
 D = Time resting spent in this place.
 E = Time spent auto-exploring this place.
 F = Levels seen in this place.
 G = Mean time per level.
                   A        B        C        D        E       F      G
               +--------+--------+--------+--------+--------+-----+--------+
         Total |   2280 |   1821 |    459 |     47 |   1368 |   7 |  325.7 |
       Dungeon |   2280 |   1821 |    459 |     47 |   1368 |   7 |  325.7 |
               +--------+--------+--------+--------+--------+-----+--------+

Top non-repeatable levels by time:
     D:1: 954 daAuts
     D:2: 843 daAuts
     D:3: 195 daAuts
     D:7: 173 daAuts
     D:4: 62 daAuts
     D:6: 30 daAuts
     D:5: 19 daAuts
